 Dungeon Crawl Stone Soup version 0.28.0-45-g0d030f2227 (webtiles) character file.

Game seed: 8315429958953103793

270 jimonade the Magician (level 6, 0/44 HPs)
             Began as a Gnoll Hedge Wizard on Apr 8, 2022.
             Killed by nerve-wracking pain
             ... invoked by a shadow imp
             ... summoned by Natasha
              (14 damage)
             ... on level 4 of the Dungeon.
             The game lasted 00:13:32 (4015 turns).

jimonade the Magician (Gnoll Hedge Wizard)          Turns: 4015, Time: 00:13:32

Health: 0/44       AC:  4    Str: 12    XL:     6   Next: 22%
Magic:  9/16       EV: 13    Int: 13    God:
Gold:   247        SH:  0    Dex: 11    Spells: 14/19 levels left

rFire   + . .      SeeInvis .   a - +1 dagger
rCold   . . .      Faith    .   (no shield)
rNeg    . . .      Spirit   .   b - +0 robe
rPois   +          Reflect  .   c - +0 hat
rElec   .          Harm     .   A - +1 cloak
rCorr   .          Rampage  .   (no gloves)
Will    .....                   (no boots)
Stlth   +++.......              f - amulet of regeneration
HPRegen 0.94/turn               o - ring of protection from fire
MPRegen 0.15/turn               p - ring of poison resistance

@: no status effects
A: fangs 1, strong nose, distributed training
a: no special abilities


You were on level 4 of the Dungeon.
You visited 1 branch of the dungeon, and saw 4 of its levels.

You collected 247 gold pieces.

Inventory:

Hand Weapons
 a - a +1 dagger (weapon)
 r - a +0 whip of distortion
 v - a +0 hunting sling
Missiles
 j - 55 sling bullets
 l - 55 arrows
 s - 12 bolts
 u - 57 stones
Armour
 b - a +0 robe (worn)
 c - a +0 hat (worn)
 k - a +0 leather armour
 m - a +0 chain mail
 A - a +1 cloak (worn)
Jewellery
 e - a ring of ice
 f - an amulet of regeneration (around neck)
 o - a ring of protection from fire (left hand)
 p - a ring of poison resistance (right hand)
 z - a ring of poison resistance
Scrolls
 d - 2 scrolls of enchant weapon
 g - a scroll of teleportation {unknown}
 n - a scroll of identify
 q - a scroll of amnesia {unknown}
 t - a scroll of noise {unknown}
 x - a scroll of vulnerability {unknown}
 y - a scroll of fear {unknown}
 B - a scroll of immolation {unknown}
Potions
 h - a potion of curing {unknown}
 i - a potion of lignification {unknown}
 w - a potion of cancellation {unknown}
 C - a potion of berserk rage {unknown}
 D - a potion of might {unknown}


   Skills:
 + Level 1.8 Fighting
 + Level 1.8 Short Blades
 + Level 1.8 Long Blades
 + Level 1.8 Axes
 + Level 1.8 Maces & Flails
 + Level 1.8 Polearms
 + Level 1.8 Staves
 + Level 1.8 Slings
 + Level 1.8 Bows
 + Level 1.8 Crossbows
 + Level 1.8 Throwing
 + Level 1.8 Armour
 + Level 4.9 Dodging
 + Level 4.5 Stealth
 + Level 1.8 Shields
 + Level 1.8 Unarmed Combat
 + Level 7.4 Spellcasting
 + Level 2.6 Conjurations
 + Level 1.4 Hexes
 + Level 2.6 Summonings
 + Level 1.4 Necromancy
 + Level 2.6 Translocations
 + Level 1.4 Transmutations
 + Level 1.4 Fire Magic
 + Level 1.4 Ice Magic
 + Level 1.4 Air Magic
 + Level 1.4 Earth Magic
 + Level 1.4 Poison Magic
 + Level 2.0 Invocations
 + Level 1.8 Evocations


You had 14 spell levels left.
You knew the following spells:

 Your Spells              Type           Power      Damage    Failure   Level
a - Magic Dart            Conj           44%        1d5       4%          1
b - Blink                 Tloc           22%        N/A       8%          2
c - Call Imp              Summ           11%        N/A       8%          2

Your spell library contained the following spells:

 Spells                   Type           Power      Damage    Failure   Level
 Beastly Appendage        Tmut           16%        N/A       9%          1
 Sandblast                Erth           16%        2d6       9%          1
 Slow                     Hex            32%        N/A       9%          1
 Passwall                 Tmut/Erth      6%         N/A       12%         2
 Wereblood                Tmut           8%         N/A       12%         2
 Conjure Flame            Conj/Fire      10%        6-21      19%         3
 Dazzling Flash           Conj/Hex       20%        N/A       19%         3
 Stone Arrow              Conj/Erth      20%        3d8       19%         3
 Mephitic Cloud           Conj/Pois/Air  9%         N/A       21%         3
 Spider Form              Tmut/Pois      8%         N/A       24%         3
 Iskenderun's Mystic Bla  Conj/Tloc      11%        2d4       45%         4
 Starburst                Conj/Fire      5%         6d4       100%        6


Dungeon Overview and Level Annotations

Branches:
Dungeon (4/15)
 Temple: D:4-7

Altars:

Annotations:
D:4 Natasha


Innate Abilities, Weirdness & Mutations

You have very sharp teeth.
Your uncanny sense of smell can sniff out nearby items.
Your experience applies equally to all skills.


Message History

Natasha is moderately wounded.
Your crimson imp hits Natasha.
Natasha casts a spell.
The shadow imp gestures at you. Pain shoots through your body!
You hit Natasha but do no damage.
Natasha is heavily wounded.
Your crimson imp blinks!
Natasha closely misses you.
You hit Natasha. Your bite misses Natasha.
Natasha is severely wounded.
The shadow imp gestures at you. Pain shoots through your body!
Natasha claws you but does no damage.
You hit Natasha but do no damage. You bite Natasha.
Natasha is severely wounded.
The shadow imp gestures at you. Pain shoots through your body!
The shadow imp shouts, "Crawl home, thou gleeking sow-suckled yak-dropping!"
Your crimson imp blinks!
Natasha claws you.
You closely miss Natasha.
Natasha is severely wounded.
The shadow imp gestures at you. Pain shoots through your body!
* * * LOW HITPOINT WARNING * * *
Your crimson imp blinks!
Natasha barely misses you.
Unknown command.
Casting: Magic Dart (safe; 4% risk of failure)
Confirm with . or Enter, or press ? or * to list all spells.
Okay, then.
Unknown command.
Aiming: Magic Dart (safe; 4% risk of failure)
Press: ? - help, Q - select action, (/) - cycle Shift-Dir - straight line, f/p - Natasha
Aim: Natasha (severely wounded, ally target, 100% to hit)
The magic dart hits Natasha.
Natasha is almost dead.
The shadow imp barely misses you. The shadow imp gestures at you.
Pain shoots through your body!
You die...

#..∆ .# ##.# #.# ... ...#
#.###..# # #
##+#######......#.#
##.###.5......#......#.##
.........§....#..........
##.##..(5h....#.#....#.#
........@5§...>.'....#
##.#....####'#..#...##
#.............#o!<#
#.............#.### ∆
#.............#.#
#.............#..
#.............#####.#
#...#................
.'...#.......#.#####.


You could see Natasha (ally target), 2 shadow imps and a friendly crimson imp
(summoned).

Vanquished Creatures
  A water moccasin skeleton (D:3)
  Natasha (twice) (D:4)
  A hound skeleton (D:4)
  4 adders
  A worm (D:2)
  3 dart slugs (D:1)
  2 orcs (D:4)
  11 ball pythons
  9 endoplasms
  6 goblins
  8 hobgoblins
  4 jackals (D:2)
  4 kobolds
  3 quokkas
  6 bats
  5 frilled lizards
  6 rats
76 creatures vanquished.

Vanquished Creatures (collateral kills)
  A bullfrog zombie (D:3)
  2 orcs (D:3)
3 creatures vanquished.

Grand Total: 79 creatures vanquished

Notes
Turn   | Place    | Note
-------+----------+-------------------------------------------
     0 | D:1      | jimonade the Gnoll Hedge Wizard began the quest for the
                  | Orb.
     0 | D:1      | Reached XP level 1. HP: 13/13 MP: 8/8
   173 | D:1      | Found a faded altar of an unknown god.
   346 | D:1      | Reached XP level 2. HP: 9/19 MP: 6/10
   896 | D:1      | Reached XP level 3. HP: 24/25 MP: 2/11
  1323 | D:1      | Reached skill level 1 in Invocations
  1829 | D:2      | Reached skill level 1 in Fighting
  1829 | D:2      | Reached skill level 1 in Short Blades
  1829 | D:2      | Reached skill level 1 in Long Blades
  1829 | D:2      | Reached skill level 1 in Axes
  1829 | D:2      | Reached skill level 1 in Maces & Flails
  1829 | D:2      | Reached skill level 1 in Polearms
  1829 | D:2      | Reached skill level 1 in Staves
  1829 | D:2      | Reached skill level 1 in Slings
  1829 | D:2      | Reached skill level 1 in Bows
  1829 | D:2      | Reached skill level 1 in Crossbows
  1829 | D:2      | Reached skill level 1 in Throwing
  1829 | D:2      | Reached skill level 1 in Armour
  1829 | D:2      | Reached skill level 1 in Shields
  1829 | D:2      | Reached skill level 1 in Unarmed Combat
  1829 | D:2      | Reached skill level 1 in Evocations
  1959 | D:2      | Reached XP level 4. HP: 32/32 MP: 10/13
  1970 | D:2      | Found Odaanus's Book Shop.
  2591 | D:3      | Reached skill level 1 in Hexes
  2591 | D:3      | Reached skill level 1 in Necromancy
  2591 | D:3      | Reached skill level 1 in Transmutations
  2591 | D:3      | Reached skill level 1 in Fire Magic
  2591 | D:3      | Reached skill level 1 in Ice Magic
  2591 | D:3      | Reached skill level 1 in Air Magic
  2591 | D:3      | Reached skill level 1 in Earth Magic
  2591 | D:3      | Reached skill level 1 in Poison Magic
  2591 | D:3      | Reached XP level 5. HP: 14/37 MP: 5/14
  2810 | D:3      | Learned a level 2 spell: Blink
  2813 | D:3      | Learned a level 2 spell: Call Imp
  3482 | D:4      | Noticed Natasha
  3640 | D:4      | Killed Natasha
  3641 | D:4      | Reached XP level 6. HP: 44/44 MP: 10/16
  3860 | D:4      | Noticed Natasha
  3921 | D:4      | Killed Natasha
  4002 | D:4      | Noticed Natasha
  4015 | D:4      | Killed from afar by a shadow imp

Illustrated notes

Levels and vault maps discovered:
D:1:      dpeg_arrival_water_fire, layout_basic,
          ebering_ecumenical_altar_petrified, minmay_cut_off
D:2:      layout_basic, serial_shops, nicolae_shop_hallway_stairs
D:3:      layout_rooms
D:4:      layout_basic, minmay_temple_entry_waves, hangedman_feature_mirror,
          uniq_natasha

Skill      XL: |  1  2  3  4  5 |
---------------+----------------+-----
Conjurations   | 2 |  2.6
Summonings     | 2 |  2.6
Translocations | 2 |  2.6
Invocations    | 1 2 |  2.0
Fighting       | 1 |  1.8
Short Blades   | 1 |  1.8
Long Blades    | 1 |  1.8
Axes           | 1 |  1.8
Maces & Flails | 1 |  1.8
Polearms       | 1 |  1.8
Staves         | 1 |  1.8
Slings         | 1 |  1.8
Bows           | 1 |  1.8
Crossbows      | 1 |  1.8
Throwing       | 1 |  1.8
Armour         | 1 |  1.8
Shields        | 1 |  1.8
Unarmed Combat | 1 |  1.8
Evocations     | 1 |  1.8
Hexes          | 1 |  1.4
Necromancy     | 1 |  1.4
Transmutations | 1 |  1.4
Fire Magic     | 1 |  1.4
Ice Magic      | 1 |  1.4
Air Magic      | 1 |  1.4
Earth Magic    | 1 |  1.4
Poison Magic   | 1 |  1.4
Dodging        | |  4.9
Stealth        | |  4.5
Spellcasting   | |  7.4

Action                   |  1- 3 |  4- 6 || total
-------------------------+-------+-------++-------
Melee: Dagger            |    39 |    90 ||   129
       Bite              |     3 |    16 ||    19
       Punch             |       |     2 ||     2
 Cast: Magic Dart        |   101 |    82 ||   183
       Call Imp          |       |    11 ||    11
  Use: Scroll            |       |     2 ||     2
Armor: Robe              |     6 |    13 ||    19
Dodge: Dodged            |    48 |    62 ||   110
